cohdb
Replays
Latest Replays
All Replays
Popular Replays
Top Player Replays
Match Explorer
How It Works
Community
CoH3 Stats
Reddit
Sign in to upload your games and track your stats! →
Sign in with Steam
Match 39360673
Unlisted
Match 39360673
Overview
Messages
Build Orders
End
Royal Engineer Section
Construct Section Command Post
Infantry Section
Infantry Section
Infantry Section
Selects Indian Artillery Battlegroup
Selects Indian Artillery Battlegroup
Construct Platoon Command Post
Construct Field Infirmary
Selects Valour
Construct Platoon Command Post
Humber Armored Car
6-pounder Anti-tank Gun Team
Selects Gurkha Rifles Section
Construct Company Command Post
BIOHAZARD
[LoB]Fagio
Royally EbRoY
Master of faster
0
0
Comments
sign in to comment!
No comments posted yet!